 Dungeon Crawl Stone Soup version 0.26-a0-651-gb41185065b (webtiles) character file.

Game seed: 15535623391917050457

63 kae the Ruffian (level 3, -1/28 HPs)
             Began as a Draconian Transmuter on Oct 13, 2020.
             Was a Follower of Uskayaw.
             Slain by an orc priest
             ... wielding a +0 dagger
              (4 damage)
             ... on level 2 of the Dungeon.
             The game lasted 00:01:54 (1925 turns).

kae the Ruffian (Draconian Transmuter)              Turns: 1925, Time: 00:01:54

Health: -1/28      AC:  2    Str: 13    XL:     3   Next: 89%
Magic:  0/6        EV: 19    Int: 13    God:    Uskayaw [*.....]
Gold:   60         SH:  0    Dex: 16    Spells: 0/6 levels left

rFire    . . .     SeeInvis .     - Unarmed
rCold    . . .     Faith    .   (shield currently unavailable)
rNeg     . . .     Spirit   .   (armour unavailable)
rPois    x         Reflect  .   (helmet currently unavailable)
rElec    .         Harm     .   (cloak currently unavailable)
rCorr    .         Rampage  .   (gloves currently unavailable)
MR       .....                  (boots currently unavailable)
Stlth    +.........             (no amulet)
HPRegen  0.09/turn              (no ring)
MPRegen  0.10/turn              (no ring)

@: spider-form, very slightly contaminated
A: tiny, unfitting armour, AC +5
a: End Transformation, Stomp, Renounce Religion


You were on level 2 of the Dungeon.
You worshipped Uskayaw.
Uskayaw was noncommittal.
You were a venomous arachnid creature.
You visited 1 branch of the dungeon, and saw 3 of its levels.

You collected 60 gold pieces.

Inventory:

Hand Weapons
 b - a +0 mace
 d - a +1 mace of draining (melded)
Armour
 a - a +0 cloak (melded)
Scrolls
 c - 2 scrolls of remove curse
 f - a scroll of teleportation
 i - 2 scrolls of immolation
Potions
 h - a potion of heal wounds
 j - 2 potions of brilliance


   Skills:
 - Level 1.1 Fighting
 - Level 1.7 Dodging
 * Level 4.3 Unarmed Combat
 - Level 2.0 Spellcasting
 + Level 2.8 Transmutations


You couldn't memorise any spells.
You knew the following spells:

 Your Spells              Type           Power        Failure   Level
a - Beastly Appendage     Tmut           #.....       21%         1
b - Wereblood             Tmut           #.......     28%         2
c - Spider Form           Tmut/Pois      #.........   61%         3

Your spell library contained the following spells:

 Spells                   Type           Power        Failure   Level
 Ice Form                 Ice/Tmut       #.......     92%         4
 Blade Hands              Tmut           #.........   98%         5


Dungeon Overview and Level Annotations

Branches:
Dungeon (3/15)

Altars:
Uskayaw


Innate Abilities, Weirdness & Mutations

((Your plain brown scales are hard. (AC +5)))
You cannot fit into any form of body armour.
((You are cold-blooded and may be slowed by cold attacks.))


Message History

You are poisoned.
You feel sick. The orc barely misses you.
Casting: Spider Form (extremely dangerous; 38% risk of failure)
Confirm with . or Enter, or press ? or * to list all spells.
The spell is extremely dangerous to cast (38% risk of failure)!
Continue anyway? [Y]es or [N]o only, please.
The spell is extremely dangerous to cast (38% risk of failure)!
Continue anyway?
You turn into a venomous arachnid creature.
Your +1 mace of draining melds into your body.
Your +0 cloak melds into your body.
The orc closely misses you.
You feel better. The orc closely misses you.
The orc priest mumbles some strange prayers to Beogh against you.
Beogh smites you!
* * * LOW HITPOINT WARNING * * *
You bite the orc!
You kill the orc!
You hit the orc priest.
The orc priest is lightly wounded.
The orc priest hits you with a +0 dagger.
You die...

# # # #
####################
#.......<..........'
#.######.###########
#.######...#########
#>os........รท.......
####'######.#...#######
#....................##
#..........8.......8...
#.....................#
####..........8.......8..#
#..'..............).....##
##.#..........8..._...8.##
#.#.............###....##


You could see an orc priest.

Vanquished Creatures
  2 oozes (D:2)
  A dart slug (D:2)
  2 leopard geckos (D:2)
  An orc (D:2)
  2 giant cockroaches
  5 hobgoblins
  A ball python (D:1)
  7 bats
  7 frilled lizards
  8 goblins
  9 kobolds
  6 rats
51 creatures vanquished.

Notes
Turn   | Place    | Note
-------+----------+-------------------------------------------
     0 | D:1      | kae the Draconian Transmuter began the quest for the Orb.
     0 | D:1      | Reached XP level 1. HP: 16/16 MP: 3/3
   235 | D:1      | Reached XP level 2. HP: 23/23 MP: 5/5
  1192 | D:2      | Reached XP level 3. HP: 24/28 MP: 6/6
  1304 | D:2      | Reached skill level 4 in Unarmed Combat
  1350 | D:2      | Found a hide-covered altar of Uskayaw.
  1412 | D:2      | Became a worshipper of Uskayaw the Reveler
  1418 | D:2      | Reached * piety under Uskayaw
  1559 | D:2      | Reached ** piety under Uskayaw
  1681 | D:2      | Learned a level 2 spell: Wereblood
  1685 | D:2      | Learned a level 3 spell: Spider Form
  1925 | D:2      | Slain by an orc priest

Illustrated notes

Levels and vault maps discovered:
D:1:      lemuel_arrival_rhombus, layout_basic, st_stairs_13, minmay_bisected
D:2:      layout_basic, eat_drink_and_be_merry_uskayaw, serial_corexii_hall,
          chequers_hall_statues_y, chequers_hall_statues_y
D:3:      layout_loops_corners, trog_eyes_of_draining,
          gammafunk_temple_overflow_forgotten

Skill      XL: |  1  2  3 |
---------------+----------+-----
Unarmed Combat | 4 |  4.3
Fighting       | |  1.1
Dodging        | |  1.7
Spellcasting   | |  2.0
Transmutations | |  2.8

Action                   || total
-------------------------++-------
Melee: Mace              ||   104
       Kick              ||    11
       Headbutt          ||     7
       Tailslap          ||     8
       Unarmed           ||     2
 Cast: Beastly Appendage ||    22
       Spider Form       ||     1
  Use: Scroll            ||     6
       Potion            ||     1
Armor: Skin              ||    41
Dodge: Dodged            ||    90

Table legend: (Time is in decaauts)
 A = Elapsed time spent in this place.
 B = Non-inter-level travel time spent in this place.
 C = Inter-level travel time spent in this place.
 D = Time resting spent in this place.
 E = Time spent auto-exploring this place.
 F = Levels seen in this place.
 G = Mean time per level.
                   A        B        C        D        E       F      G
               +--------+--------+--------+--------+--------+-----+--------+
         Total |   1968 |   1908 |     60 |      0 |   1538 |   3 |  656.0 |
       Dungeon |   1968 |   1908 |     60 |      0 |   1538 |   3 |  656.0 |
               +--------+--------+--------+--------+--------+-----+--------+

Top non-repeatable levels by time:
     D:1: 1081 daAuts
     D:2: 881 daAuts
     D:3: 5 daAuts
